Map: Givre EC

Players

vladONEgamer

  • Race: Protoss Protoss
  • League: Gold
  • Spawn Location: 11:00

zidar - Winner!

  • Race: Zerg Zerg
  • League: Platinum
  • Spawn Location: 1:00

VOD

Have the link to the VOD?

Description

Time

  • Played on: Oct. 8, 2016, 4:48 a.m.
  • Length: 13:02
Show
View Real Time Build Order
Export as new Build Order

vladONEgamer Protoss 

Build Orders: 1 Gate Expand 

Get SALT Encoding   

  12  0:01  Probe (Chrono Boost)  
  13  0:12  Probe (Chrono Boost)  
  14  0:24  Pylon  
  14  0:30  Probe (Chrono Boost)  
  15  0:42  Probe (Chrono Boost)  
  16  0:44  Gateway  
  16  0:52  Probe (Chrono Boost)  
  17  1:03  Probe (Chrono Boost)  
  18  1:14  Probe (Chrono Boost)  
  19  1:21  Nexus  
  19  1:25  Probe (Chrono Boost)  
  20  1:37  Cybernetics Core  
  21  1:44  Assimilator  
  20  1:48  Assimilator  
  20  1:51  Probe (Chrono Boost)  
  21  2:18  Pylon  
  21  2:21  Adept (Chrono Boost)  
  23  2:24  Warp Gate  
  22  2:34  Probe  
  22  2:35  Probe  
  24  2:45  Gateway  
  24  2:47  Mothership Core  
  24  2:48  Probe  
  27  2:52  Adept (Chrono Boost)  
  29  2:59  Probe  
  30  3:09  Probe x2  
  32  3:23  Sentry (Chrono Boost)  
  32  3:25  Probe  
  32  3:26  Probe  
  36  3:36  Pylon  
  36  3:42  Probe  
  36  3:43  Probe  
  36  3:46  Adept (Chrono Boost)  
  42  3:49  Sentry (Chrono Boost)  
  42  4:04  Stargate  
  42  4:29  Stargate  
  42  4:30  Probe  
  42  4:32  Probe  
  44  4:54  Assimilator  
  44  4:57  Assimilator  
  44  5:05  Pylon  
  44  5:09  Phoenix (Chrono Boost)  
  44  5:10  Twilight Council  
  44  5:12  Gateway, Probe  
  44  5:14  Probe  
  48  5:15  Gateway, Adept x2  
  48  5:18  Gateway x2  
  48  5:21  Phoenix (Chrono Boost)  
  52  5:26  Pylon  
  52  5:29  Probe  
  52  5:31  Probe  
  54  5:40  Probe  
  55  5:43  Probe  
  55  5:47  Phoenix (Chrono Boost)  
  58  5:54  Probe  
  58  5:56  Probe  
  60  6:07  Nexus  
  60  6:14  Pylon  
  60  6:16  Phoenix (Chrono Boost), Pylon  
  62  6:23  Sentry x3  
  68  6:26  Stalker  
  70  6:36  Probe  
  70  6:38  Probe  
  72  6:41  Phoenix (Chrono Boost)  
  74  6:47  Probe  
  74  6:50  Probe  
  76  6:55  Robotics Facility  
  76  6:56  Robotics Facility  
  76  6:58  Pylon  
  76  7:04  Adept x3  
  76  7:05  Adept x2  
  86  7:22  Probe x2  
  86  7:23  Probe  
  89  7:39  Pylon  
  89  7:41  Pylon  
  89  7:50  Adept x2  
  89  7:51  Adept x4  
  97  7:53  Immortal (Chrono Boost)  
  97  7:54  Immortal (Chrono Boost)  
  97  7:57  Pylon  
  109  7:59  Pylon  
  109  8:04  Oracle  
  110  8:29  Immortal x2 (Chrono Boost)  
  118  8:41  Adept x3  
  120  8:42  Adept x3  
  134  9:04  Immortal (Chrono Boost)  
  134  9:06  Probe  
  134  9:08  Probe x2  
  139  9:17  Warp Prism (Chrono Boost)  
  139  9:19  Sentry  
  141  9:25  Pylon  
  141  9:27  Pylon  
  141  9:30  Pylon  
  141  9:34  Pylon  
  141  9:41  Probe  
  141  9:43  Probe x2  
  144  10:11  Pylon  
  144  10:12  Pylon  
  144  10:14  Stalker  
  144  10:15  Stalker x4  
  144  10:16  Stalker  
  156  10:39  Stalker x4  
  156  10:40  Stalker x2  
  160  10:54  Oracle  
  119  11:16  Stalker x6  
  99  11:39  Gateway  
  99  11:40  Gateway  
  99  11:42  Gateway  
  99  11:45  Gateway  
  99  11:49  Gateway  
  95  12:03  Nexus  
  95  12:06  Pylon  
  95  12:08  Pylon  
  95  12:10  Immortal x2 (Chrono Boost)  
  95  12:12  Sentry x4  
  95  12:13  Adept x2  
  100  12:49  Adept x5  
  100  12:50  Adept  
Show
View Real Time Build Order
Export as new Build Order

zidar Zerg - Winner!

Build Orders: Pool First, Lurkers 

Get SALT Encoding   

  12  0:03  Drone  
  13  0:12  Overlord  
  13  0:18  Drone  
  14  0:31  Drone x2  
  16  0:42  Spawning Pool  
  15  0:46  Drone  
  16  1:16  Drone  
  16  1:17  Hatchery  
  16  1:23  Extractor, Drone  
  16  1:31  Queen  
  18  1:38  Overlord  
  18  1:47  Drone  
  18  1:51  Zergling x2  
  18  1:52  Zergling x2  
  21  2:20  Hatchery  
  20  2:33  Zergling x4  
  20  2:34  Zergling x2  
  23  2:39  Metabolic Boost  
  23  2:52  Queen  
  25  3:08  Drone x3  
  28  3:15  Drone x2  
  30  3:47  Drone x10  
  40  4:08  Roach Warren  
  39  4:10  Extractor  
  39  4:11  Lair  
  39  4:15  Queen  
  40  4:25  Extractor  
  40  4:27  Extractor, Drone x4  
  42  4:35  Overlord x2  
  42  4:40  Pneumatized Carapace  
  42  4:50  Overlord x2  
  42  5:00  Drone x3  
  45  5:11  Drone x2  
  45  5:12  Drone x7  
  53  5:29  Spore Crawler  
  53  5:30  Spore Crawler  
  53  5:33  Spore Crawler  
  50  5:39  Roach x5  
  60  5:51  Drone  
  60  5:52  Drone x2  
  60  5:53  Drone x3  
  66  6:18  Overlord x3, Hydralisk Den  
  66  6:19  Overlord x3  
  65  6:26  Overlord  
  65  6:40  Roach x5  
  65  6:41  Roach x5  
  85  6:53  Drone  
  86  6:56  Drone  
  86  6:58  Drone  
  86  6:59  Drone x2  
  90  7:02  Hydralisk x4  
  98  7:26  Muscular Augments  
  98  7:34  Evolution Chamber  
  97  7:37  Drone x3  
  97  7:38  Evolution Chamber, Drone  
  97  7:46  Drone x6  
  103  7:52  Hydralisk x5  
  103  7:56  Overlord x4  
  113  8:01  Zerg Missile Weapons Level 1  
  113  8:03  Zerg Ground Armor Level 1  
  110  8:26  Hatchery, Drone x5  
  112  8:38  Hydralisk x6  
  112  8:39  Hydralisk x2  
  128  8:42  Glial Reconstitution  
  128  8:47  Lurker Den  
  128  8:52  Overseer  
  128  8:53  Overseer  
  128  9:01  Drone  
  128  9:06  Extractor, Drone  
  128  9:07  Drone  
  129  9:10  Extractor  
  129  9:13  Drone x2  
  129  9:14  Drone  
  131  9:18  Hydralisk x4  
  131  9:19  Hydralisk x3  
  131  9:22  Overlord x2  
  131  9:23  Overlord  
  145  9:52  Overseer  
  145  9:58  Zerg Missile Weapons Level 2  
  145  9:59  Zerg Ground Armor Level 2  
  145  10:02  Drone  
  146  10:13  Roach x7  
  160  10:14  Roach  
  160  10:17  Lurker x7  
  166  10:56  Roach x2  
  94  11:34  Hydralisk x7  
  94  11:35  Hydralisk x11  
  130  11:58  Hydralisk x7  
Tags
 
Composition
Lurkers
Matchup
PvZ
Spawn Locations
Close Positions
Add a new tag
Caveats
  • Supply blocks, unpowered buildings, or Contaminate may cause inaccurate times.
  • Supply counts are checked every 10 seconds.